 Dungeon Crawl Stone Soup version 0.28-a0-390-gb254ac4902 (webtiles) character file.

Game seed: 409073307457950269

16 Armakuni the Slasher (level 2, 0/24 HPs)
             Began as a Human Cinder Acolyte on Sept 3, 2021.
             Was a High Priest of Ignis.
             Slain by a quokka (3 damage)
             ... on level 1 of the Dungeon.
             The game lasted 00:01:25 (913 turns).

Armakuni the Slasher (Human Cinder Acolyte)          Turns: 913, Time: 00:01:26

Health: 0/24       AC:  2    Str: 14    XL:     2   Next: 75%
Magic:  3/3        EV: 11    Int: 14    God:    Ignis [*****.]
Gold:   26         SH:  0    Dex:  8    Spells: 3/3 levels left

rFire   + . .      SeeInvis .   a - -1 falchion (flame)
rCold   . . .      Faith    .   (no shield)
rNeg    . . .      Spirit   .   b - +0 robe
rPois   .          Reflect  .   (no helmet)
rElec   .          Harm     .   (no cloak)
rCorr   .          Rampage  .   (no gloves)
Will    .....                   (no boots)
Stlth   +.........              (no amulet)
HPRegen 0.08/turn               (no ring)
MPRegen 0.08/turn               (no ring)

@: no status effects
A: no striking features
a: Renounce Religion, Sea of Fire, Foxfire Swarm, Rising Flame


You were on level 1 of the Dungeon.
You worshipped Ignis.
Ignis was extremely pleased with you.
You visited 1 branch of the dungeon, and saw 1 of its levels.

You collected 26 gold pieces.

Inventory:

Hand Weapons
 a - a -1 falchion of flaming (weapon)
Armour
 b - a +0 robe (worn)
 d - a +0 kite shield
Jewellery
 e - a +4 ring of evasion
Potions
 c - a potion of haste {unknown}


   Skills:
 + Level 3.4 Fighting
 + Level 3.4 Long Blades
 - Level 1.0 Spellcasting
 - Level 3.0 Fire Magic


You had 3 spell levels left.
You didn't know any spells.
Your spell library contained the following spells:

 Spells                   Type           Power      Damage    Failure   Level
 Scorch                   Fire           18%        2d5       12%         2


Dungeon Overview and Level Annotations

Branches:
Dungeon (1/15)

Altars:


Message History

Okay, then.
Unknown command.
Unknown command.
A quokka comes into view.
The goblin barely misses you.
Okay, then.
The goblin hits you with a +0 club.
You barely miss the goblin. The goblin hits you with a +0 club.
You hit the goblin but do no damage. The goblin hits you with a +0 club.
Fires begin to smoulder around you! The goblin hits you but does no damage.
The quokka closely misses you.
You closely miss the goblin. The quokka closely misses you.
The goblin barely misses you.
The fire ignites! x33
You hit the goblin. You burn the goblin.
You kill the goblin!
The quokka bites you. The quokka bites you. The quokka barely misses you.
Things that are here:
a +0 club; a goblin corpse You closely miss the quokka.
The quokka closely misses you.
You hit the quokka. You burn the quokka.
The quokka is severely wounded.
The quokka bites you but does no damage.
The quokka bites you.
You closely miss the quokka.
The quokka is severely wounded.
The quokka bites you.
You closely miss the quokka.
The quokka is severely wounded.
The quokka bites you.
* * * LOW HITPOINT WARNING * * *
You closely miss the quokka.
The quokka is severely wounded.
The quokka bites you but does no damage.
The quokka bites you.
* * * LOW HITPOINT WARNING * * *
You miss the quokka.
The quokka is heavily wounded.
The quokka bites you.
You die...

### #.# #.#
#.# #######.#
#§§.....#
#§#######
##§##
.§#####§§§###
.§°°§§§@..○°#
.☼#####r§§#☼#
##§##.# #☼# #
#§# .§° .§§
.§§.


You could see a quokka.

Vanquished Creatures
  3 bats (D:1)
  A giant cockroach (D:1)
  A goblin (D:1)
  A hobgoblin (D:1)
  4 kobolds (D:1)
  A quokka (D:1)
  A ball python (D:1)
  4 rats (D:1)
16 creatures vanquished.

Notes
Turn   | Place    | Note
-------+----------+-------------------------------------------
     0 | D:1      | Armakuni the Human Cinder Acolyte began the quest for the
                  | Orb.
     0 | D:1      | Reached XP level 1. HP: 18/18 MP: 2/2
   203 | D:1      | Reached XP level 2. HP: 8/24 MP: 3/3
   913 | D:1      | Slain by a quokka

Illustrated notes

Levels and vault maps discovered:
D:1:      dpeg_arrival_windows_large_door, layout_loops_ring,
          chequers_ecumenical_altar_simple, minmay_tromino_v4_b

Action                   || total
-------------------------++-------
Melee: Falchion          ||    65
Invok: Sea of Fire       ||     1
Armor: Robe              ||    22
Dodge: Dodged            ||    41

Table legend: (Time is in decaauts)
 A = Elapsed time spent in this place.
 B = Non-inter-level travel time spent in this place.
 C = Inter-level travel time spent in this place.
 D = Time resting spent in this place.
 E = Time spent auto-exploring this place.
 F = Levels seen in this place.
 G = Mean time per level.
                   A        B        C        D        E       F      G
               +--------+--------+--------+--------+--------+-----+--------+
         Total |    922 |    922 |      0 |    538 |    245 |   1 |  922.0 |
       Dungeon |    922 |    922 |      0 |    538 |    245 |   1 |  922.0 |
               +--------+--------+--------+--------+--------+-----+--------+

Top non-repeatable levels by time:
     D:1: 922 daAuts
